 Dungeon Crawl Stone Soup version 0.28.0 (webtiles) character file.

Game seed: 11690715965139978413

354 MacCMillion the Caller (level 6, -2/24 HPs)
             Began as a Felid Summoner on Feb 5, 2022.
             Was an Initiate of Gozag.
             Slain by an orc priest (5 damage)
             ... on level 5 of the Dungeon.
             The game lasted 00:27:28 (5186 turns).

MacCMillion the Caller (Felid Summoner)             Turns: 5186, Time: 00:27:28

Health: -2/24      AC:  2    Str:  4    XL:     6   Next: 35%
Magic:  18/20      EV: 17    Int: 19    God:    Gozag
Gold:   94         SH:  0    Dex: 16    Spells: 4/11 levels left
                                        Lives:  0   Deaths: 1

rFire   . . .      SeeInvis +   (weapon unavailable)
rCold   + . .      Faith    .   (shield unavailable)
rNeg    . . .      Spirit   .   (armour unavailable)
rPois   .          Reflect  .   (helmet unavailable)
rElec   .          Harm     .   (cloak unavailable)
rCorr   .          Rampage  .   (gloves unavailable)
Will    .....                   (boots unavailable)
Stlth   +.........              (no amulet)
HPRegen 0.08/turn               h - ring of protection from cold
MPRegen 0.17/turn               i - ring of magical power

@: confused, quick
A: very small, claws 1, fangs 3, see invisible, speed 1, shaggy fur 2, stealthy
paws, no weapons or thrown items, no armour, multi-lived
a: Renounce Religion, Potion Petition, Call Merchant, Bribe Branch


You were on level 5 of the Dungeon.
You worshipped Gozag.
Gozag was noncommittal.
You visited 2 branches of the dungeon, and saw 6 of its levels.

You collected 147 gold pieces.
You paid 53 gold pieces to Gozag.

Inventory:

Jewellery
 b - a ring of ice
 h - a ring of protection from cold (left paw)
 i - a ring of magical power (right paw)
 j - a ring of flight
Scrolls
 a - a scroll of enchant weapon {unknown}
 c - 2 scrolls of identify {unknown}
 d - a scroll of acquirement {unknown}
 e - 3 scrolls of blinking {unknown}
 f - a scroll of enchant armour {unknown}
 g - 2 scrolls of magic mapping {unknown}
 k - a scroll of amnesia {unknown}
 l - 4 scrolls of teleportation {unknown}
 m - a scroll of fear {unknown}
 n - a scroll of immolation {unknown}


   Skills:
 - Level 2.6 Dodging
 - Level 2.6 Stealth
 - Level 3.0 Spellcasting
 + Level 5.9 Hexes
 + Level 6.7 Summonings


You had 4 spell levels left.
You knew the following spells:

 Your Spells              Type           Power      Damage    Failure   Level
a - Summon Small Mammal   Summ           100%       N/A       1%          1
b - Call Canine Familiar  Summ           28%        N/A       3%          3
c - Summon Guardian Gole  Hex/Summ       26%        N/A       3%          3

Your spell library contained the following spells:

 Spells                   Type           Power      Damage    Failure   Level
 Slow                     Hex            100%       N/A       1%          1
 Call Imp                 Summ           28%        N/A       1%          2
 Confusing Touch          Hex            25%        N/A       4%          3
 Sandblast                Erth           4%         2d4       16%         1
 Corpse Rot               Necr/Air       4%         N/A       22%         2
 Passwall                 Tmut/Erth      1%         N/A       22%         2
 Summon Lightning Spire   Summ/Air       15%        N/A       36%         4
 Stone Arrow              Conj/Erth      4%         3d7       41%         3
 Vampiric Draining        Necr           2%         2d6       41%         3
 Dispel Undead            Necr           2%         3d7       83%         4
 Death Channel            Necr           1%         N/A       100%        6


Dungeon Overview and Level Annotations

Branches:
Dungeon (5/15)             Temple (1/1) D:4

Altars:
Ashenzari
Cheibriados
Dithmenos
Elyvilon
Fedhas
Gozag
Hepliaklqana
Makhleb
Nemelex Xobeh
Okawaru
Qazlal
Ru
Sif Muna
Trog
Uskayaw
Xom
Yredelemnul
Zin
The Shining One

Shops:
D:3 =

Annotations:
D:3 exclusion: scorpion


Innate Abilities, Weirdness & Mutations

You have sharp claws.
You have razor-sharp teeth.
You have supernaturally acute eyesight. (SInv)
You cover ground quickly. (Speed+)
You are covered in thick fur. (AC +2)
Your paws help you pounce on unaware monsters.
You are incapable of wielding weapons or throwing items.
You cannot wear armour.
You gain extra lives every three experience levels.


Message History

Are you sure you want to stumble around while confused and next to your quokka?
Okay, then.
You aren't carrying any potions.
Unknown command.
You aren't carrying any potions.
You aren't carrying any potions.
Are you sure you want to stumble around while confused and next to your quokka?
Okay, then.
Are you sure you want to stumble around while confused and next to your quokka? [Y]es or [N]o only, please.
Are you sure you want to stumble around while confused and next to your quokka? [Y]es or [N]o only, please.
Are you sure you want to stumble around while confused and next to your quokka? [Y]es or [N]o only, please.
Are you sure you want to stumble around while confused and next to your quokka?
You closely miss the orc priest.
You bite the orc priest, but do no damage.
The orc priest is moderately wounded.
Your hound closely misses the orc wizard.
The orc priest barely misses you.
The orc wizard hits you with a +0 dagger.
* * * LOW HITPOINT WARNING * * *
Your quokka bites the orc priest but does no damage.
Are you sure you want to stumble around while confused and next to your quokka?
Your hound closely misses the orc wizard.
The orc priest calls down the wrath of Beogh upon you.
You resist with significant effort. The orc wizard closely misses you.
Your quokka bites the orc priest but does no damage.
Your hound closely misses the orc wizard.
Are you sure you want to stumble around while confused and next to your hound?
Your hound closely misses the orc wizard.
The orc wizard gestures at you while chanting.
You are more confused.
You closely miss the orc priest.
The orc priest is moderately wounded.
Your hound bites the orc wizard.
Your quokka bites the orc priest but does no damage.
The orc priest hits you with a +0 short sword.
You die...
Your body crumbles into a pile of gold.

##o##...### #..##
##........### #..#
##.....).....### ##..#
#..............## #..##
#...............#####..#
#.......[..........##...#
#...................##...#
#...................##..##
............@.......#...#
....(........or.....#...#
...........ho....).....#
....................9.#####
..........).....[###r.<...
................# #...###
...............##....#
....$..........##..###
.............##...#


You could see an orc priest (ally target), an orc wizard (ally target), a
friendly hound (summoned) and a friendly quokka (summoned).

Vanquished Creatures
  A dart slug (D:3)
  A giant cockroach (D:2)
  A rat (D:2)
3 creatures vanquished.

Vanquished Creatures (collateral kills)
  A black bear (D:4)
  2 bullfrogs
  An orc priest (D:4)
  Jessica (D:2)
  An iguana (D:4)
  A scorpion zombie (D:5)
  2 orc wizards
  2 hound skeletons
  2 worms
  3 dart slugs
  20 orcs
  4 ball pythons
  2 bats (D:1)
  6 endoplasms
  3 giant cockroaches
  5 goblins
  8 hobgoblins
  2 jackals (D:1)
  4 kobolds
  4 quokkas
  3 rats
  A spectral orc (D:4)
78 creatures vanquished.

Grand Total: 81 creatures vanquished

Notes
Turn   | Place    | Note
-------+----------+-------------------------------------------
     0 | D:1      | MacCMillion the Felid Summoner began the quest for the Orb.
     0 | D:1      | Reached XP level 1. HP: 7/7 MP: 4/4
   515 | D:1      | Reached XP level 2. HP: 11/11 MP: 0/6
  1418 | D:2      | Reached XP level 3. HP: 14/14 MP: 5/8
  1422 | D:2      | Learned a level 3 spell: Call Canine Familiar
  1561 | D:2      | Noticed Jessica
  1949 | D:2      | Killed Jessica
  1950 | D:2      | Reached skill level 5 in Summonings
  1950 | D:2      | Reached XP level 4. HP: 18/18 MP: 9/9
  2456 | D:3      | Found Miurghiu's Jewellery Boutique.
  2553 | D:3      | Noticed a scorpion
  2562 | D:3      | Learned a level 3 spell: Summon Guardian Golem
  2962 | D:3      | Reached skill level 1 in Hexes
  3018 | D:4      | Noticed a black bear
  3065 | D:4      | Identified the +6 short sword of Desertification
                  | {antimagic, rC+ rCorr Stlth+}
  3083 | D:4      | Noticed a centaur
  3383 | D:4      | Killed a black bear
  3384 | D:4      | Reached XP level 5. HP: 21/21 MP: 9/10
  3498 | D:4      | Reached skill level 6 in Summonings
  3516 | D:4      | Gained mutation: You are covered in thick fur. (AC +2)
                  | [Felid growth]
  3516 | D:4      | Reached XP level 6. HP: 23/24 MP: 11/11
  3774 | D:4      | Shot with an arrow by a centaur
  3775 | D:4      | Reached XP level 5. HP: -2/21 MP: 19/19
  3817 | D:5      | Entered Level 5 of the Dungeon
  4017 | D:5      | Reached skill level 5 in Hexes
  4081 | D:5      | Reached XP level 6. HP: 24/24 MP: 11/11
  4451 | D:5      | Noticed an ice beast
  4465 | D:5      | Noticed a water moccasin
  4603 | D:4      | Found a staircase to the Ecumenical Temple.
  4620 | Temple   | Entered the Ecumenical Temple
  4709 | Temple   | Became a worshipper of Gozag Ym Sagoz the Greedy
  4906 | D:4      | Found a basalt altar of Yredelemnul.
  5186 | D:5      | Slain by an orc priest

Illustrated notes

Levels and vault maps discovered:
D:1:      dpeg_arrival_round_c, layout_basic
D:2:      layout_loops_ring, uniq_jessica
D:3:      layout_basic, serial_shops, nicolae_shop_advertising_works
          [nicolae_subvault_shop_adworks], minivault_27, minivault_27,
          minivault_19
D:4:      layout_loops_corners, yredelemnul_forgotten_temple_becter,
          minmay_temple_entry_stoned_glass
D:5:      layout_cave_pods, uniq_pikel
Temple:   mainiacjoe_temple_coin_purse

Skill      XL: |  1  2  3  4  5 |
---------------+----------------+-----
Spellcasting   | 3 |  3.0
Summonings     | 5 6 |  6.7
Hexes          | 3 5 |  5.9
Dodging        | |  2.6
Stealth        | |  2.6

Action                   |  1- 3 |  4- 6 || total
-------------------------+-------+-------++-------
Melee: Unarmed           |     5 |    15 ||    20
       Bite              |       |     5 ||     5
 Cast: Summon Small Mamm |    49 |    43 ||    92
       Call Canine Famil |     4 |    36 ||    40
       Summon Guardian G |       |     3 ||     3
 Stab: Sleeping          |     2 |     2 ||     4
       Distracted        |       |     2 ||     2
Armor: Skin              |     3 |       ||     3
Dodge: Dodged            |    19 |    28 ||    47
